AoeStats
← jantotu

Arabia

509864739Analyzed
1v1 RM · 5d ago on Sep 28, 2026· 45m 6s· 2 players
Game mode
Random Map
Map size
Tiny (2 player)
Population
200
Speed
Normal
Resources
Standard
Victory
Conquest
Starting age
Dark Age
Ending age
Imperial Age
RankedLock teamsTeams togetherTeam positionsShared explorationLock speedFull tech treeHidden civsTurbo modeCheats
Victory
Defeat
🇨🇭 Magyars · Switzerland
1291
+18
🇫🇷 Sicilians · France
1337
-18
KKUSH-PANIER
8:25 Loom
12:49 Feudal Age
14:29 Double-Bit Axe
14:40 Horse Collar
21:01 Castle Age
23:06 Bow Saw
23:04 Town Watch
24:35 Scale Mail Armor
25:44 Wheelbarrow
31:17 Ballistics
32:58 Fletching
34:42 Hand Cart
37:35 Elite Skirmisher
38:25 Padded Archer Armor
42:56 Imperial Age
41:05 Bodkin Arrow
42:20 Leather Archer Armor
44:14 Forging
45:47 Conscription
jantotu
7:32 Loom
10:42 Feudal Age
11:35 Double-Bit Axe
17:31 Castle Age
16:51 Fletching
17:49 Crossbowman
23:52 Bow Saw
24:51 Horse Collar
26:56 Wheelbarrow
29:33 Bodkin Arrow
30:52 Padded Archer Armor
31:17 Ballistics
31:12 Bloodlines
36:20 Imperial Age
34:42 Hand Cart
38:55 Bracer
40:19 Corvinian Army
41:35 Scale Barding Armor
41:46 Leather Archer Armor
41:58 Parthian Tactics
42:13 Conscription
41:55 Town Watch
41:58 Heavy Cavalry Archer
44:28 Chemistry
Connection lost

Rejoining the realm…

Still unreachable

The connection could not be restored.

Session expired

The server has moved on; the page needs a fresh start.